AoeStats
← 猫咪先生

Arena

510459429Analyzed
2v2 RM · 11h ago on Oct 1, 2026· 41m 56s· 4 players
Game mode
Random Map
Map size
Medium (4 player)
Population
200
Speed
Normal
Resources
Standard
Victory
Conquest
Starting age
Dark Age
Ending age
Imperial Age
RankedLock teamsTeams togetherTeam positionsShared explorationLock speedFull tech treeHidden civsTurbo modeCheats
Victory
Defeat
🇺🇸 Vietnamese · United States
957
+15
🇨🇳 Spanish · China
908
+17
🇦🇷 Huns · Argentina
968
-17
🇦🇷 Danes · Argentina
899
-15
Julis44
1:44 Loom
7:56 Loom
10:38 Feudal Age
11:48 Double-Bit Axe
16:33 Castle Age
14:42 Horse Collar
16:10 Bloodlines
19:36 Town Watch
21:51 Scale Barding Armor
22:18 Husbandry
23:33 Forging
25:54 Chain Barding Armor
32:29 Wheelbarrow
35:23 Imperial Age
36:08 Cavalier
36:55 Scale Mail Armor
37:37 Gold Mining
39:07 Bow Saw
40:01 Heavy Plow
41:37 Plate Barding Armor
42:36 Hand Cart
Bicho115
5:49 Loom
12:31 Feudal Age
17:24 Castle Age
15:49 Double-Bit Axe
16:37 Horse Collar
17:08 Arson
17:46 Forging
17:45 Scale Mail Armor
26:46 Elite Skirmisher
28:30 Heavy Plow
29:23 Thumb Ring
29:26 Fletching
29:36 Padded Archer Armor
33:54 Imperial Age
33:25 Wheelbarrow
37:29 Chemistry
38:16 Padded Archer Armor
40:57 Capped Ram
Century03
8:21 Loom
10:46 Feudal Age
14:18 Castle Age
12:10 Double-Bit Axe
12:46 Horse Collar
13:01 Stone Mining
15:08 Bow Saw
20:54 Fletching
21:28 Heavy Plow
22:54 Wheelbarrow
22:05 Town Watch
23:29 Fletching
24:11 Bodkin Arrow
25:14 Padded Archer Armor
26:18 Leather Archer Armor
32:37 Imperial Age
33:41 Ballistics
34:26 Two-Man Saw
34:03 Bracer
34:40 Gold Mining
35:41 Ring Archer Armor
36:56 Masonry
37:14 Elite Rattan Archer
37:49 Treadmill Crane
39:56 Chemistry
42:30 Hoardings
猫咪先生
10:56 Feudal Age
15:01 Castle Age
14:39 Double-Bit Axe
15:49 Horse Collar
21:47 Heavy Plow
26:45 Wheelbarrow
30:43 Imperial Age
34:08 Conscription
33:49 Loom
34:23 Hand Cart
33:56 Town Watch
35:15 Bow Saw
38:21 Elite Conquistador
39:50 Padded Archer Armor
39:40 Fletching
40:12 Gold Mining
40:13 Stone Mining
Connection lost

Rejoining the realm…

Still unreachable

The connection could not be restored.

Session expired

The server has moved on; the page needs a fresh start.